Map: Redstorm

Players

Vapon

  • Race: Protoss Protoss
  • Spawn Location: 7:00

SNAKEEYS

  • Race: Protoss Protoss
  • Spawn Location: 7:00

Nightmare - Winner!

  • Race: Protoss Protoss
  • Spawn Location: 1:00

XxDepravity - Winner!

  • Race: Zerg Zerg
  • Spawn Location: 1:00

VOD

Have the link to the VOD?

Description

A little early pressure, back and fourth air fights

Time

  • Played on: Oct. 14, 2018, 1:05 a.m.
  • Length: 24:39
Show
View Real Time Build Order
Export as new Build Order

Vapon Protoss 

Build Orders: Cannon Rush 

Get SALT Encoding   

  12  0:03  Probe  
  13  0:15  Probe  
  14  0:21  Pylon  
  14  0:28  Probe  
  15  0:40  Probe  
  16  0:42  Forge  
  16  0:52  Pylon  
  16  1:00  Probe  
  17  1:12  Probe  
  18  1:19  Photon Cannon  
  18  1:22  Photon Cannon  
  18  1:38  Probe  
  19  1:50  Probe  
  20  1:57  Photon Cannon  
  20  2:05  Photon Cannon  
  20  2:17  Assimilator  
  20  2:21  Assimilator  
  20  2:26  Nexus  
  20  2:38  Pylon  
  20  2:44  Probe  
  20  2:49  Pylon  
  21  2:52  Probe  
  22  3:01  Pylon  
  22  3:02  Probe  
  22  3:21  Photon Cannon  
  22  3:32  Photon Cannon  
  22  3:43  Gateway  
  22  3:44  Photon Cannon  
  22  3:46  Photon Cannon  
  22  3:48  Photon Cannon  
  22  4:14  Nexus  
  22  4:20  Pylon  
  22  4:25  Pylon  
  22  4:32  Zealot  
  24  4:45  Cybernetics Core  
  24  4:51  Photon Cannon  
  24  4:54  Photon Cannon  
  24  5:06  Pylon  
  24  5:14  Photon Cannon  
  24  5:25  Probe  
  24  5:33  Probe  
  25  5:39  Probe  
  26  5:43  Probe  
  26  5:47  Probe  
  28  5:55  Probe  
  30  5:57  Probe  
  30  6:02  Shield Battery  
  31  6:07  Probe  
  31  6:08  Photon Cannon  
  31  6:09  Probe  
  33  6:12  Photon Cannon  
  33  6:26  Probe, Pylon  
  33  6:29  Pylon  
  34  6:34  Probe  
  34  6:39  Zealot  
  37  6:44  Probe  
  37  6:46  Twilight Council  
  38  6:56  Probe  
  39  7:06  Zealot  
  41  7:08  Probe  
  42  7:20  Probe  
  43  7:26  Photon Cannon  
  43  7:28  Photon Cannon  
  43  7:30  Charge  
  43  7:33  Probe, Zealot  
  46  7:40  Gateway  
  46  7:45  Gateway  
  46  8:00  Assimilator, Zealot  
  46  8:04  Assimilator  
  48  8:20  Pylon  
  48  8:27  Zealot  
  50  8:41  Nexus  
  50  8:43  Pylon  
  50  8:45  Pylon  
  50  8:54  Gateway x2, Zealot  
  52  8:59  Shield Battery  
  52  9:03  Shield Battery  
  52  9:09  Zealot x2  
  56  9:21  Zealot  
  58  9:26  Blink  
  58  9:29  Protoss Shields Level 1  
  58  9:36  Zealot x2  
  62  9:48  Zealot  
  64  9:56  Photon Cannon  
  64  10:00  Probe, Photon Cannon  
  64  10:05  Zealot x4  
  73  10:12  Probe  
  74  10:15  Zealot  
  74  10:18  Forge  
  74  10:20  Forge  
  76  10:24  Probe  
  77  10:32  Zealot x2  
  81  10:36  Probe  
  82  10:48  Probe  
  65  11:21  Photon Cannon  
  65  11:22  Photon Cannon  
  65  11:23  Protoss Ground Weapons Level 1  
  65  11:26  Photon Cannon  
  65  11:30  Protoss Shields Level 2  
  65  11:31  Pylon  
  65  11:34  Pylon  
  65  11:36  Protoss Ground Armor Level 1  
  65  11:41  Stalker  
  65  11:42  Stalker x4  
  75  11:57  Robotics Facility  
  75  11:58  Robotics Facility  
  75  12:09  Photon Cannon  
  75  12:11  Stalker, Photon Cannon  
  75  12:12  Stalker, Zealot x3  
  75  12:13  Photon Cannon  
  85  12:15  Probe  
  85  12:17  Assimilator  
  85  12:21  Assimilator  
  86  12:28  Probe  
  85  12:39  Stalker x2, Zealot  
  85  12:40  Probe  
  85  12:41  Stalker x2  
  92  12:48  Shield Battery  
  92  12:50  Shield Battery  
  90  12:52  Probe  
  90  12:55  Shield Battery  
  79  13:06  Stalker  
  79  13:09  Stalker x2  
  79  13:11  Stalker x2  
  84  13:19  Protoss Ground Weapons Level 2  
  84  13:22  Protoss Ground Armor Level 2  
  84  13:36  Stalker  
  84  13:37  Stalker x2  
  84  13:39  Stalker  
  90  13:41  Stalker  
  90  13:42  Observer x2  
  96  13:59  Stalker x2  
  96  14:01  Stalker  
  96  14:03  Observer x2  
  96  14:06  Stalker  
  106  14:11  Stalker  
  108  14:24  Observer  
  109  15:28  Pylon  
  109  15:30  Pylon  
  109  15:33  Pylon  
  109  15:34  Pylon  
  109  15:46  Stalker, Zealot x3  
  109  15:47  Zealot  
  85  16:13  Zealot x2  
  87  16:37  Stalker x3  
  87  16:40  Stalker x2  
  67  17:07  Stalker x3  
  71  17:10  Stalker x2  
  68  17:37  Stalker  
  48  18:18  Stalker x4  
  48  18:19  Stalker  
  56  18:48  Stalker  
  58  19:00  Nexus  
  57  19:34  Protoss Ground Weapons Level 3  
  57  19:35  Protoss Shields Level 3  
  56  19:54  Pylon  
  56  19:57  Pylon  
  56  20:22  Photon Cannon  
  56  20:50  Stalker  
  56  20:51  Stalker  
  56  20:52  Zealot x2  
  56  21:41  Probe  
  57  21:49  Probe  
  58  21:58  Probe  
  59  22:10  Probe  
  60  22:18  Probe  
  61  22:26  Probe  
  62  22:37  Probe  
  63  22:49  Probe  
  64  23:03  Nexus  
  64  23:09  Assimilator  
  60  23:14  Assimilator  
  60  23:18  Photon Cannon  
  60  23:20  Photon Cannon  
  60  23:22  Photon Cannon  
  60  23:25  Photon Cannon  
  60  23:26  Photon Cannon  
  60  23:27  Pylon  
  38  23:44  Stalker x3  
Show
View Real Time Build Order
Export as new Build Order

SNAKEEYS Protoss 

Build Orders:  

Get SALT Encoding   

  1  0:00  Probe  
  12  0:06  Probe  
  14  0:18  Pylon  
  14  0:21  Probe  
  15  0:36  Probe, Assimilator  
  15  0:41  Assimilator  
  16  0:48  Probe  
  17  0:55  Gateway  
  17  1:00  Probe  
  18  1:08  Probe  
  18  1:16  Probe  
  19  1:21  Pylon  
  20  1:27  Probe  
  21  1:39  Probe  
  22  1:43  Cybernetics Core  
  22  1:46  Pylon  
  22  1:51  Probe  
  23  2:03  Probe  
  24  2:21  Stargate  
  24  2:24  Stargate  
  24  2:43  Nexus  
  24  2:58  Void Ray  
  24  3:04  Void Ray  
  32  3:21  Protoss Air Weapons Level 1  
  32  4:03  Fleet Beacon  
  32  4:06  Probe  
  33  4:15  Probe  
  33  4:23  Probe  
  34  4:26  Assimilator  
  34  4:30  Assimilator  
  35  4:34  Probe  
  36  4:46  Probe  
  37  5:26  Carrier x2  
  49  6:37  Protoss Air Weapons Level 2  
  41  6:46  Pylon  
  41  6:47  Pylon  
  41  6:50  Pylon  
  41  6:56  Stargate  
  41  7:00  Stargate  
  35  7:28  Carrier  
  41  7:49  Probe  
  42  8:01  Probe, Graviton Catapult  
  43  8:10  Carrier  
  43  8:13  Probe  
  44  8:25  Probe  
  51  8:35  Probe  
  52  8:43  Probe  
  53  8:52  Probe  
  53  8:57  Protoss Air Weapons Level 3  
  54  9:04  Probe  
  55  9:16  Probe  
  56  9:27  Nexus  
  56  9:28  Carrier  
  56  9:31  Assimilator  
  62  9:36  Assimilator  
  62  9:49  Carrier  
  68  10:04  Carrier  
  62  11:08  Carrier x2  
  74  11:15  Carrier  
  80  11:19  Probe  
  81  11:31  Probe  
  82  11:34  Carrier, Protoss Air Armor Level 1  
  88  11:43  Probe  
  71  12:28  Carrier  
  71  12:33  Carrier x2  
  74  13:06  Tempest  
  80  13:19  Probe  
  81  13:29  Probe  
  82  13:37  Protoss Air Armor Level 2, Probe  
  82  13:45  Probe  
  84  13:57  Probe  
  85  14:03  Tempest  
  91  14:58  Pylon  
  91  15:01  Pylon  
  91  15:02  Pylon  
  91  15:07  Mothership  
  91  15:08  Tempest  
  91  15:10  Tempest  
  91  15:19  Tempest  
  117  16:34  Tempest  
  117  16:54  Tempest  
  117  16:59  Tempest  
  93  17:20  Tempest  
  93  17:21  Tempest  
  91  17:37  Tempest  
  91  17:42  Tempest  
  85  18:03  Tempest x2  
  97  18:20  Tempest  
  97  18:24  Tempest  
  109  18:46  Tempest x2  
  115  19:50  Pylon  
  115  19:51  Pylon  
  115  19:53  Pylon  
  115  19:55  Pylon  
  115  19:57  Pylon, Nexus  
  115  20:08  Tempest  
  115  20:09  Tempest x2  
  115  20:11  Tempest  
  115  20:13  Protoss Air Armor Level 3  
  139  20:51  Carrier  
  139  20:52  Carrier x2  
  157  21:09  Carrier  
  163  21:20  Pylon  
  163  21:23  Forge  
  163  21:33  Pylon  
  163  21:37  Pylon  
  163  21:39  Pylon  
  163  22:16  Carrier  
  163  22:17  Carrier x2  
  163  22:18  Photon Cannon  
  163  22:20  Photon Cannon  
  163  22:22  Photon Cannon  
Show
View Real Time Build Order
Export as new Build Order

Nightmare Protoss - Winner!

Build Orders:  

Get SALT Encoding   

  1  0:00  Probe  
  12  0:07  Probe  
  14  0:20  Pylon  
  14  0:23  Probe  
  15  0:40  Gateway  
  15  0:43  Probe  
  16  0:55  Probe  
  17  0:59  Forge  
  17  1:09  Assimilator  
  17  1:11  Assimilator  
  17  1:15  Pylon  
  17  1:33  Cybernetics Core  
  17  1:35  Photon Cannon  
  17  1:40  Zealot  
  17  1:45  Probe  
  19  1:53  Probe  
  21  2:03  Probe  
  22  2:15  Probe  
  23  2:27  Probe  
  24  2:34  Nexus  
  24  2:52  Photon Cannon  
  24  3:05  Stargate  
  24  3:07  Probe  
  25  3:13  Pylon  
  25  3:26  Probe  
  26  3:30  Assimilator  
  26  3:35  Stargate  
  26  3:39  Probe  
  27  3:41  Stargate  
  27  3:44  Probe  
  27  3:47  Probe  
  28  3:53  Probe  
  28  3:55  Probe  
  29  4:02  Probe  
  31  4:05  Probe  
  33  4:24  Nexus  
  33  4:26  Probe x2  
  35  4:34  Probe  
  35  4:35  Probe, Assimilator  
  29  5:10  Pylon  
  28  5:22  Photon Cannon  
  28  5:35  Photon Cannon  
  28  5:47  Probe x2  
  30  5:56  Probe  
  30  5:59  Probe  
  28  6:04  Probe  
  29  6:11  Probe  
  29  6:13  Probe  
  27  6:20  Probe  
  28  6:28  Stargate  
  28  6:29  Probe, Stargate  
  28  6:32  Stargate  
  29  6:37  Probe x2  
  30  6:46  Probe  
  31  6:49  Probe  
  33  6:56  Probe  
  33  6:58  Pylon  
  33  6:59  Probe  
  35  7:03  Probe  
  35  7:07  Probe  
  35  7:08  Probe  
  37  7:12  Void Ray  
  37  7:15  Probe x2, Phoenix  
  43  7:20  Probe  
  47  7:27  Probe x2  
  49  7:30  Probe, Phoenix  
  49  7:32  Phoenix  
  52  7:38  Probe  
  52  7:39  Probe  
  52  7:43  Protoss Air Weapons Level 1  
  56  7:47  Probe  
  57  7:58  Probe  
  57  7:59  Probe  
  59  8:07  Probe  
  59  8:09  Assimilator  
  59  8:12  Phoenix  
  60  8:16  Probe  
  60  8:19  Phoenix  
  65  8:20  Phoenix  
  67  8:29  Probe  
  67  8:32  Protoss Shields Level 1  
  68  8:36  Probe  
  68  8:39  Assimilator  
  69  8:55  Pylon  
  69  8:57  Pylon  
  69  8:59  Pylon  
  69  9:05  Pylon  
  69  9:06  Phoenix  
  69  9:13  Probe, Phoenix x2  
  76  9:26  Probe  
  76  9:28  Phoenix  
  77  9:38  Probe, Phoenix x2, Pylon  
  80  9:39  Pylon  
  80  9:41  Probe, Pylon  
  80  9:42  Pylon  
  80  9:43  Pylon  
  85  9:49  Probe  
  85  9:51  Fleet Beacon  
  85  9:54  Protoss Air Armor Level 1  
  85  9:59  Probe x2  
  86  10:01  Phoenix x2  
  88  10:07  Probe  
  88  10:11  Probe  
  88  10:14  Phoenix  
  96  10:17  Probe  
  97  10:23  Probe  
  97  10:26  Pylon  
  97  10:27  Pylon  
  98  10:29  Phoenix x2, Pylon  
  98  10:31  Pylon x2  
  98  10:33  Pylon x2  
  102  10:39  Phoenix  
  102  10:42  Anion Pulse-Crystals  
  102  11:19  Tempest x2  
  100  11:28  Tempest  
  118  11:42  Protoss Air Weapons Level 2  
  118  11:54  Graviton Catapult  
  118  11:56  Void Ray  
  118  12:04  Carrier  
  116  12:48  Tempest x2  
  118  13:19  Tempest  
  118  13:27  Tempest  
  118  13:29  Void Ray  
  134  13:47  Protoss Air Armor Level 2  
  134  13:52  Tempest  
  140  14:10  Nexus  
  140  14:11  Tempest  
  146  14:18  Tempest  
  152  14:24  Pylon  
  152  14:34  Tempest  
  152  14:35  Mothership  
  158  14:40  Carrier  
  172  15:03  Void Ray  
  176  15:18  Tempest  
  182  15:41  Void Ray  
  186  15:53  Tempest  
  186  16:03  Protoss Air Weapons Level 3  
  134  17:16  Void Ray x3  
  122  17:55  Void Ray x3  
  116  18:31  Void Ray x2  
  116  18:32  Void Ray  
  128  18:45  Probe  
  128  18:47  Mothership  
  128  18:48  Assimilator  
  128  18:52  Assimilator  
  128  18:53  Probe  
  138  19:03  Probe  
  138  19:04  Void Ray x3  
  139  19:15  Probe  
  140  19:27  Probe  
  141  19:47  Void Ray x3  
  153  20:17  Void Ray x2  
  153  20:19  Void Ray  
  153  20:28  Protoss Air Armor Level 3  
  165  20:47  Void Ray x2  
  147  20:53  Void Ray  
  159  21:17  Void Ray  
  159  21:25  Void Ray x2  
  171  21:58  Void Ray  
  175  22:08  Void Ray  
  175  22:14  Void Ray  
  183  22:41  Void Ray  
  187  22:51  Void Ray  
  163  23:33  Void Ray x2  
  171  23:34  Void Ray  
Show
View Real Time Build Order
Export as new Build Order

XxDepravity Zerg - Winner!

Build Orders: Pool First 

Get SALT Encoding   

  12  0:02  Drone  
  13  0:18  Drone  
  13  0:20  Overlord  
  14  1:01  Drone  
  14  1:02  Drone x2  
  17  1:18  Spawning Pool  
  17  1:20  Drone  
  17  1:21  Extractor  
  17  1:25  Hatchery  
  15  1:39  Drone  
  17  1:40  Drone  
  17  1:58  Evolution Chamber  
  16  2:03  Evolution Chamber  
  16  2:05  Evolution Chamber  
  14  2:09  Queen  
  14  2:13  Zergling x2  
  14  2:14  Zergling x4  
  19  2:40  Drone  
  19  2:43  Queen  
  22  2:47  Metabolic Boost  
  22  3:16  Lair  
  22  3:21  Extractor, Drone x6  
  25  3:41  Lair  
  25  3:43  Drone x2  
  27  3:51  Overlord  
  27  4:02  Roach Warren  
  25  4:18  Spore Crawler  
  24  4:24  Spore Crawler  
  23  4:32  Drone x6  
  23  4:35  Overlord  
  29  4:40  Drone x2  
  31  4:51  Roach x2  
  35  5:05  Hydralisk Den  
  34  5:20  Spore Crawler  
  33  5:21  Spore Crawler  
  32  5:35  Hydralisk x2  
  32  5:36  Hydralisk x4  
  44  5:45  Overlord x2  
  44  5:55  Extractor  
  43  5:57  Extractor  
  42  6:10  Hydralisk x3  
  48  6:47  Hydralisk x4  
  56  7:14  Hatchery  
  55  7:21  Extractor x2  
  53  7:26  Muscular Augments  
  53  7:42  Burrow  
  53  7:44  Drone x5  
  55  7:50  Zerg Ground Armor Level 1  
  58  8:52  Overlord  
  58  8:53  Overlord x6  
  58  9:03  Overlord x2  
  58  9:10  Queen  
  60  9:19  Hydralisk, Grooved Spines  
  60  9:20  Hydralisk x6  
  74  9:35  Drone  
  75  9:46  Zerg Missile Weapons Level 1  
  75  10:06  Zerg Ground Armor Level 2  
  75  10:17  Drone  
  75  10:18  Drone x8  
  84  10:23  Hydralisk x10  
  84  10:24  Hydralisk x8  
  84  10:28  Roach x2  
  77  11:03  Hydralisk  
  77  11:04  Hydralisk x6  
  77  11:05  Drone x3  
  89  11:23  Extractor, Drone  
  89  11:24  Overlord, Drone x3  
  89  11:25  Hydralisk  
  93  12:23  Drone  
  93  12:24  Drone x2  
  93  12:29  Hydralisk  
  96  12:30  Hydralisk x5  
  98  13:10  Hydralisk x2  
  98  13:11  Hydralisk, Roach x3  
  110  13:17  Queen  
  110  13:35  Roach x3  
  110  13:36  Roach  
  118  13:46  Hatchery  
  117  13:49  Hatchery  
  116  14:18  Hydralisk x4  
  116  14:19  Roach x4  
  116  14:22  Zerg Missile Weapons Level 2  
  116  14:23  Zerg Melee Weapons Level 1  
  132  14:29  Infestation Pit  
  131  14:32  Spire  
  131  14:34  Lurker Den, Spire, Overlord x2  
  131  14:35  Overlord x2  
  128  15:23  Drone x2  
  128  15:34  Drone x12  
  140  15:37  Hydralisk x21  
  140  15:42  Roach x2  
  66  16:13  Hydralisk x5  
  66  16:14  Hydralisk x3, Roach x3  
  66  16:15  Roach  
  72  16:21  Zerg Melee Weapons Level 2  
  72  16:24  Zerg Flyer Armor Level 1  
  72  16:25  Zerg Flyer Weapons Level 1  
  72  16:26  Glial Reconstitution  
  72  16:35  Overlord x2  
  72  16:50  Roach x2  
  56  17:05  Queen  
  52  17:19  Overlord x5, Zergling x4  
  52  17:20  Overlord x9  
  54  17:38  Hydralisk x2  
  54  17:39  Roach x2  
  62  17:47  Queen  
  62  18:00  Extractor  
  62  18:02  Extractor  
  62  18:05  Lair  
  60  18:15  Lurker  
  60  18:17  Hydralisk  
  60  18:18  Hydralisk x5  
  74  18:20  Lurker  
  72  19:12  Overseer x3  
  72  19:15  Hydralisk x2  
  72  19:16  Hydralisk x6  
  87  19:45  Zergling x2  
  87  19:46  Zergling x22  
  87  19:49  Extractor  
  97  19:57  Hive  
  97  20:01  Pathogen Glands  
  97  20:34  Drone x2  
  99  20:38  Swarm Host x2  
  105  21:54  Viper x3  
  105  21:55  Viper x2  
  120  22:06  Zergling x16  
  120  22:07  Zergling x10  
  86  23:22  Zergling x2, Hydralisk x2  
  86  23:23  Hydralisk x15  
  86  23:25  Overlord, Zergling x2  
  86  23:26  Overlord  
  122  23:35  Unknown  
  122  23:41  Drone x3  
  122  23:43  Overlord x2  
  122  23:58  Unknown  
Tags
 
Add a new tag
Caveats
  • Supply blocks, unpowered buildings, or Contaminate may cause inaccurate times.
  • Supply counts are checked every 10 seconds.